 Dungeon Crawl Stone Soup version 0.29.1-1-gd02db6906a (webtiles) character file.

Game seed: 1781571298136796646

19974 Persephone the Brawler (level 12, -1/124 HPs)
             Began as a Troll Berserker on Sept 30, 2022.
             Was an Elder of Trog.
             Slain by a two-headed ogre
             ... wielding a +0 giant club
              (11 damage)
             ... on level 1 of the Orcish Mines.
             The game lasted 00:23:06 (9646 turns).

Persephone the Brawler (Troll Berserker)            Turns: 9646, Time: 00:23:07

Health: -1/124     AC: 15    Str: 32    XL:     12   Next: 41%
Magic:  11/11      EV:  8    Int:  5    God:    Trog [****..]
Gold:   1062       SH: 13    Dex:  9    Spells: 11/11 levels left

rFire   . . .      SeeInvis +     - Unarmed
rCold   . . .      Faith    .   M - +0 kite shield
rNeg    . . .      Spirit   .   F - +0 troll leather armour
rPois   .          Reflect  +   I - +3 crown of Dyrovepreva {rElec Int+2 SInv}
rElec   +          Harm     .   (no cloak)
rCorr   .          Rampage  .   (gloves unavailable)
Will    +++..                   (boots unavailable)
Stlth   +.........              O - amulet of reflection
HPRegen 2.90/turn               t - +4 ring of slaying
MPRegen 0.12/turn               x - +4 ring of protection

@: strong-willed, on berserk cooldown, regenerating, slowed, very slow
A: large, unfitting armour, claws 3, regeneration 1, shaggy fur 1, tough skin 1,
iridescent scales 1, strong-willed 1
a: Renounce Religion, Berserk, Trog's Hand, Brothers in Arms


You were on level 1 of the Orcish Mines.
You worshipped Trog.
Trog was greatly pleased with you.
You visited 2 branches of the dungeon, and saw 14 of its levels.
You also visited: Sewer.

You collected 1361 gold pieces.
You spent 299 gold pieces at shops.

Inventory:

Missiles
 y - 16 boomerangs (quivered)
 D - 5 boomerangs of dispersal
 E - 2 javelins
Armour
 a - a +1 animal skin
 B - +0 steam dragon scales
 C - +0 swamp dragon scales
 F - a +0 troll leather armour (worn)
 I - the +3 crown of Dyrovepreva (worn) {rElec Int+2 SInv}
   (You acquired it on level 10 of the Dungeon)

   Int:       It affects your intelligence (+2).
   rElec:     It insulates you from electricity.
   SInv:      It lets you see invisible.
 K - a scarf of harm
 M - a +0 kite shield (worn)
Jewellery
 t - a +4 ring of slaying (left claw)
 x - a +4 ring of protection (right claw)
 J - an amulet of the acrobat
 O - an amulet of reflection (around neck)
 P - a +6 ring of dexterity
Wands
 n - a wand of polymorph (15)
 p - a wand of paralysis (2)
 q - a wand of flame (11)
 v - a wand of iceblast (13)
 N - a wand of mindburst (7)
Scrolls
 e - 4 scrolls of teleportation
 f - 8 scrolls of identify
 h - 3 scrolls of vulnerability
 o - 3 scrolls of noise
 r - 3 scrolls of fog
 w - 3 scrolls of enchant armour
 H - 2 scrolls of amnesia
 L - 2 scrolls of fear {unknown}
Potions
 b - 10 potions of curing
 c - 3 potions of invisibility
 d - 2 potions of degeneration
 g - 2 potions of haste
 i - a potion of resistance
 j - 5 potions of attraction
 k - 4 potions of flight
 l - 2 potions of berserk rage
 m - 6 potions of heal wounds
 u - a potion of mutation
 z - a potion of might
 A - 2 potions of lignification
 G - a potion of magic {unknown}


   Skills:
 + Level 9.5 Fighting
 - Level 2.6 Dodging
 + Level 5.7 Shields
 + Level 16.5 Unarmed Combat


You had 11 spell levels left.
You didn't know any spells.
Your spell library was empty.

Dungeon Overview and Level Annotations

Branches:
Dungeon (12/15)            Temple (0/1) D:4            Lair (0/5) D:9
    Orc (2/2) D:11            Elf (0/3) Orc:2         Sewer (visited)

Altars:
Ashenzari
Cheibriados
Dithmenos
Elyvilon
Fedhas
Gozag
Hepliaklqana
Makhleb
Nemelex Xobeh
Okawaru
Qazlal
Sif Muna
Trog
Uskayaw
Vehumet
Xom

Shops:
D:1 (   D:10 *

Portals:
Abyss: D:7

Annotations:
D:7 2 transporters, karrick's ghost, novice GrFi


Innate Abilities, Weirdness & Mutations

You are too large for most types of armour.
You have claws for hands.
Your natural rate of healing is unusually fast.
You are covered in fur. (AC +1)
You have tough skin. (AC +1)
You are partially covered in iridescent scales. (AC +2)
You are strong-willed. (Will+)


Message History

You feel the effects of Trog's Hand fading.
The ogre mage points at the two-headed ogre and mumbles some strange words.
The two-headed ogre seems to speed up.
The two-headed ogre hits you with a +0 giant club!
You block the two-headed ogre's attack.
Things that are here:
a +0 short sword; an orc corpse Your skin stops crawling.
You feel less strong-willed. You block the two-headed ogre's attack.
The two-headed ogre hits you with a +0 giant club!
There is a stone staircase leading up, spattered with blood here.
The two-headed ogre barely misses you. The two-headed ogre closely misses you.
The two-headed ogre hits you with a +0 giant club!!
The two-headed ogre hits you with a +0 giant spiked club.
You block the two-headed ogre's attack. x2
You climb upwards.
There is a stone staircase leading down here.
Your skin crawls.
You feel strong-willed. Trog will no longer gift you weapons.
The two-headed ogre barely misses you.
The two-headed ogre hits you with a +0 giant spiked club.
You block the two-headed ogre's attack.
The two-headed ogre hits you with a +0 giant club! x2
You block the two-headed ogre's attack.
You barely miss the two-headed ogre.
The two-headed ogre is severely wounded.
The two-headed ogre hits you with a +0 giant club.
You block the two-headed ogre's attack.
The two-headed ogre hits you with a +0 giant club!
* * * LOW HITPOINT WARNING * * *
The two-headed ogre hits you with a +0 giant spiked club.
* * * LOW HITPOINT WARNING * * *
You mangle the two-headed ogre!!
You kill the two-headed ogre!
Trog accepts your kill.
The two-headed ogre hits you with a +0 giant club!!
* * * LOW HITPOINT WARNING * * *
The two-headed ogre hits you with a +0 giant club!
You die...

#.......# #..#..
#####......####..#..
#..........#..#..#.)
###......##.....#..#..
#.##....####.......#..
#.#.....# ##..))..#..
##.....#####.......#..
#........#........###
###.@........#.......
##O)......###......
#.#.....#.#####...
#####..#### #)#.)
#...## ##.))) ###.#
###....) ### ##.......
##>.....## #......###


You could see a two-headed ogre (fast).

Vanquished Creatures
  The ghost of miserystealer the Blocker, a journeyman GnFi of Gozag (Orc:1)
  An ettin (Orc:1)
  A boulder beetle (D:11)
  An ogre mage (D:10)
  3 two-headed ogres
  An orc sorcerer (Orc:1)
  A manticore (D:11)
  3 cyclopes
  Joseph (D:7)
  Maggie (D:7)
  A gargoyle (D:11)
  2 unseen horrors
  4 trolls
  The ghost of turdburglar the Covert, a novice VSBr (D:3)
  Prince Ribbit (D:9)
  A vampire (D:10)
  A shadow (D:10)
  Sigmund (D:2)
  2 wraiths
  18 yaks
  5 wyverns
  3 vampire mosquitoes (D:10)
  A steam dragon (D:6)
  A warg (Orc:1)
  Edmund (D:5)
  An acid dragon (D:11)
  2 water moccasins
  Duvessa (D:7)
  19 orc warriors
  6 ogres
  8 centaurs
  5 kobold brigands
  Blork the orc (D:4)
  A bullfrog (D:4)
  A necrophage (D:4)
  2 gnoll sergeants
  5 wights (D:8)
  6 scorpions
  A water moccasin zombie (D:3)
  Dowan (D:7)
  5 howler monkeys
  4 hounds
  2 jellies
  13 orc priests
  A bullfrog skeleton (D:3)
  Crazy Yiuf (D:7)
  5 iguanas
  Ijyb (D:5)
  13 orc wizards
  11 gnolls
  8 adders
  2 river rats (Sewer)
  A shadow imp (D:8)
  A white imp (D:7)
  An ufetubus (D:6)
  3 worms
  2 dart slugs
  44 orcs
  5 ball pythons
  2 bats
  4 endoplasms
  4 giant cockroaches
  4 goblins
  4 hobgoblins
  10 jackals
  19 kobolds
  2 quokkas
  4 frilled lizards
  8 rats
301 creatures vanquished.

Vanquished Creatures (collateral kills)
  An orc knight (Orc:2)
  2 ogres (Orc:2)
  An orc (Orc:2)
4 creatures vanquished.

Grand Total: 305 creatures vanquished

Notes
Turn   | Place    | Note
-------+----------+-------------------------------------------
     0 | D:1      | Persephone the Troll Berserker began the quest for the Orb.
     0 | D:1      | Reached XP level 1. HP: 22/22 MP: 0/0
   149 | D:1      | Found a faded altar of an unknown god.
   209 | D:1      | Reached XP level 2. HP: 29/29 MP: 1/1
   493 | D:1      | Found Duhymo's Antique Weapon Shoppe.
  1008 | D:2      | Noticed Sigmund
  1030 | D:2      | Killed Sigmund
  1031 | D:2      | Reached skill level 5 in Unarmed Combat
  1031 | D:2      | Reached XP level 3. HP: 6/36 MP: 2/2
  1031 | D:2      | Reached XP level 4. HP: 8/44 MP: 3/3
  1031 | D:2      | Reached XP level 5. HP: 9/50 MP: 4/4
  1457 | D:3      | Reached ** piety under Trog
  1608 | D:3      | Noticed an ogre
  1609 | D:3      | Found a shadowy altar of Dithmenos.
  1615 | D:3      | Killed an ogre
  1616 | D:3      | Reached skill level 6 in Unarmed Combat
  1687 | D:3      | Found a runed translucent gate.
  1687 | D:3      | Found a runed translucent gate.
  1687 | D:3      | Found a runed translucent gate.
  1707 | D:3      | Noticed turdburglar's ghost (novice VSBr)
  1901 | D:3      | Reached XP level 6. HP: 59/59 MP: 5/5
  2503 | D:3      | Killed turdburglar's ghost
  2504 | D:3      | Reached skill level 7 in Unarmed Combat
  2509 | D:3      | Reached XP level 7. HP: 66/66 MP: 6/6
  2609 | D:4      | Reached skill level 8 in Unarmed Combat
  2768 | D:4      | Noticed Blork the orc
  2773 | D:4      | Killed Blork the orc
  2804 | D:4      | Found a radiant altar of Vehumet.
  2893 | D:4      | Reached skill level 9 in Unarmed Combat
  3009 | D:4      | Found a burning altar of Makhleb.
  3009 | D:4      | Found a blossoming altar of Fedhas.
  3009 | D:4      | Found a bloodstained altar of Trog.
  3011 | D:4      | Found an opulent altar of Gozag.
  3016 | D:4      | Found a white marble altar of Elyvilon.
  3016 | D:4      | Found a sparkling altar of Nemelex Xobeh.
  3017 | D:4      | Found an iron altar of Okawaru.
  3098 | D:4      | Found a staircase to the Ecumenical Temple.
  3199 | D:4      | Reached XP level 8. HP: 65/74 MP: 7/7
  3294 | D:4      | Reached skill level 10 in Unarmed Combat
  3338 | D:5      | Entered Level 5 of the Dungeon
  3375 | D:5      | Found a glowing drain.
  3389 | Sewer    | Entered a sewer
  3452 | Sewer    | Reached *** piety under Trog
  3489 | Sewer    | Found a white marble altar of Elyvilon.
  3620 | D:5      | Noticed a +0 dagger
  3620 | D:5      | Noticed a +0 spear
  3670 | D:5      | Reached skill level 11 in Unarmed Combat
  3670 | D:5      | Noticed Edmund
  3681 | D:5      | Killed Edmund
  3801 | D:5      | Noticed Ijyb
  3809 | D:5      | Killed Ijyb
  3832 | D:5      | Noticed a +0 spear
  3833 | D:5      | Noticed a +0 dagger
  3833 | D:5      | Noticed a +0 falchion
  3834 | D:5      | Noticed a +0 short sword
  3834 | D:5      | Noticed a +0 falchion
  3835 | D:5      | Noticed a +0 short sword
  3839 | D:5      | Found a hide-covered altar of Uskayaw.
  4579 | D:6      | Reached XP level 9. HP: 80/80 MP: 8/8
  4579 | D:6      | Found a snail-covered altar of Cheibriados.
  4690 | D:6      | Reached skill level 12 in Unarmed Combat
  4860 | D:6      | Found a hazy altar of Hepliaklqana.
  4862 | D:6      | Found a radiant altar of Vehumet.
  4862 | D:6      | Found a hazy altar of Hepliaklqana.
  4864 | D:6      | Found a shimmering blue altar of Sif Muna.
  4864 | D:6      | Found a shimmering altar of Xom.
  4864 | D:6      | Found a shimmering altar of Xom.
  5116 | D:7      | Noticed Maggie
  5129 | D:7      | Killed Maggie
  5130 | D:7      | Reached skill level 13 in Unarmed Combat
  5404 | D:7      | Found a runed translucent door.
  5405 | D:7      | Noticed Crazy Yiuf
  5463 | D:7      | Killed Crazy Yiuf
  5525 | D:7      | Found a transporter.
  5534 | D:7      | Noticed an ancient zyme
  5535 | D:7      | Noticed karrick's ghost (novice GrFi)
  5548 | D:7      | Found a one-way gate to the infinite horrors of the Abyss.
  5574 | D:7      | Noticed Joseph
  5583 | D:7      | Noticed an ancient zyme
  5594 | D:7      | Killed Joseph
  5667 | D:7      | Found a transporter.
  5748 | D:7      | Noticed Duvessa
  5750 | D:7      | Noticed Dowan
  5756 | D:7      | Killed Duvessa
  5760 | D:7      | Killed Dowan
  6019 | D:8      | Found a broken altar of Ashenzari.
  6091 | D:8      | Reached XP level 10. HP: 94/94 MP: 9/9
  6102 | D:8      | Reached skill level 5 in Fighting
  6386 | D:8      | Reached skill level 14 in Unarmed Combat
  6817 | D:9      | Gained mutation: Potions are less effective at restoring
                  | your health. [potion of mutation]
  6817 | D:9      | Gained mutation: Your magical capacity is low. (-10% MP)
                  | [potion of mutation]
  6817 | D:9      | Gained mutation: Your spells are a little harder to cast,
                  | but a little more powerful. [potion of mutation]
  6818 | D:9      | Lost mutation: Potions are less effective at restoring your
                  | health. [potion of mutation]
  6818 | D:9      | Lost mutation: Your magical capacity is low. (-10% MP)
                  | [potion of mutation]
  6818 | D:9      | Lost mutation: Your spells are a little harder to cast, but
                  | a little more powerful. [potion of mutation]
  6818 | D:9      | Gained mutation: You are strong-willed. (Will+) [potion of
                  | mutation]
  6818 | D:9      | Gained mutation: You are partially covered in iridescent
                  | scales. (AC +2) [potion of mutation]
  7082 | D:9      | Found a staircase to the Lair.
  7101 | D:9      | Reached **** piety under Trog
  7167 | D:9      | Found a stormy altar of Qazlal.
  7168 | D:9      | Noticed Prince Ribbit
  7179 | D:9      | Killed Prince Ribbit
  7510 | D:10     | Entered Level 10 of the Dungeon
  7510 | D:10     | Noticed an ogre mage
  7517 | D:10     | Killed an ogre mage
  7518 | D:10     | Reached skill level 15 in Unarmed Combat
  7575 | D:10     | Reached XP level 11. HP: 105/109 MP: 10/10
  7577 | D:10     | Identified a scroll of acquirement
  7577 | D:10     | Acquired the +3 crown of Dyrovepreva {rElec Int+2 SInv}
  7577 | D:10     | Found the +3 crown of Dyrovepreva {rElec Int+2 SInv}
  7755 | D:10     | Found Cikkuc's Assorted Antiques.
  7773 | D:10     | Bought a runed peridot amulet for 115 gold pieces
  7773 | D:10     | Bought an embroidered scarf for 184 gold pieces
  8361 | D:11     | Noticed a two-headed ogre
  8369 | D:11     | Killed a two-headed ogre
  8370 | D:11     | Reached skill level 1 in Shields
  8700 | D:11     | Noticed a boulder beetle
  8717 | D:11     | Killed a boulder beetle
  8782 | D:11     | Found a staircase to the Orcish Mines.
  8925 | D:12     | Reached ***** piety under Trog
  8926 | D:12     | Reached skill level 16 in Unarmed Combat
  8966 | Orc:1    | Entered Level 1 of the Orcish Mines
  9013 | Orc:1    | Found a runed translucent gate.
  9014 | Orc:1    | Found a runed translucent gate.
  9014 | Orc:1    | Noticed an orc sorcerer
  9015 | Orc:1    | Found a runed translucent gate.
  9016 | Orc:1    | Noticed miserystealer's ghost (journeyman GnFi)
  9019 | Orc:1    | Reached XP level 12. HP: 122/122 MP: 11/11
  9150 | Orc:1    | Noticed an ettin
  9155 | Orc:1    | Killed an ettin
  9374 | Orc:1    | Killed miserystealer's ghost
  9375 | Orc:1    | Reached skill level 5 in Shields
  9443 | Orc:2    | Entered Level 2 of the Orcish Mines
  9466 | Orc:2    | Found a staircase to the Elven Halls.
  9609 | Orc:2    | Noticed a two-headed ogre
  9609 | Orc:2    | Noticed a two-headed ogre
  9611 | Orc:2    | Noticed a two-headed ogre
  9613 | Orc:2    | Noticed a two-headed ogre
  9614 | Orc:2    | Noticed an ogre mage
  9615 | Orc:2    | Noticed a two-headed ogre
  9618 | Orc:2    | Killed a two-headed ogre
  9618 | Orc:2    | Noticed a two-headed ogre
  9618 | Orc:2    | Noticed an ogre mage
  9621 | Orc:2    | Noticed a two-headed ogre
  9621 | Orc:2    | Noticed an ogre mage
  9646 | Orc:1    | Killed a two-headed ogre
  9646 | Orc:1    | Slain by a two-headed ogre

Illustrated notes

Levels and vault maps discovered:
D:1:      dpeg_arrival_pond, layout_loops_ring, serial_shops,
          nicolae_lakefront_shop, chequers_ecumenical_altar_simple_redux
D:2:      layout_basic, uniq_terence, uniq_sigmund
D:3:      layout_basic, nicolae_dithmenos_the_darkroom,
          gammafunk_ghost_necromancy, roderic_serpentine_path, roderic_lattice_a
D:4:      minmay_chambers_of_twos, layout_basic, grunt_temple_overflow_open,
          temple_hall_moat, minmay_misc_feat_ornament, minmay_fractal_squares_5,
          uniq_blork_the_orc
D:5:      layout_cave_pools, nicolae_uskayaw_en_pointe, portal_sewer_entry_d,
          minmay_strange_pillars, kennysheep_another_room, uniq_edmund,
          uniq_ijyb
D:6:      layout_basic, doesnt_xom_only_xom, kennysheep_slug_shrine,
          grunt_ministairs_8, chequers_serial_rivers_small_b, st_stairs_4
D:7:      layout_basic, gammafunk_ghost_abyssal_escape, uniq_maggie,
          uniq_crazy_yiuf_cottage, uniq_joseph, uniq_duvessa
D:8:      layout_basic, evilmike_ruin_ashenzari
D:9:      layout_roguey, lemuel_tele_altar, lair_entry_dummy, st_stairs_14,
          uniq_prince_ribbit1
D:10:     layout_basic, serial_shops, shop_fountains, minmay_librarian
D:11:     layout_irregular_city, orc_0_dummy, kennysheep_generic_room_15
D:12:     layout_big_octagon, minmay_beelzebubs_servants
Orc:1:    layout_diamond_mine, gammafunk_ghost_split
Orc:2:    st_orc_ogre_mass, layout_caves

Skill      XL: |  1  2  3  4  5  6  7  8  9 10 11 12 |
---------------+-------------------------------------+-----
Unarmed Combat | 5 6 7 9 11 13 15 16 | 16.5
Fighting       | 4 7 8 9 |  9.5
Shields        | 4 5 |  5.7
Dodging        | |  2.6

Action                   |  1- 3 |  4- 6 |  7- 9 | 10-12 || total
-------------------------+-------+-------+-------+-------++-------
Melee: Unarmed           |    62 |    33 |   237 |   352 ||   684
       Punch             |     2 |     1 |    12 |    12 ||    27
Throw: Boomerang         |       |       |    47 |       ||    47
Invok: Berserk           |     1 |     2 |     7 |     8 ||    18
       Trog's Hand       |       |       |     8 |    12 ||    20
       Brothers in Arms  |       |       |       |     1 ||     1
  Use: Scroll            |       |       |     9 |    13 ||    22
       Potion            |       |       |       |     2 ||     2
 Stab: Sleeping          |       |     1 |       |       ||     1
Armor: Animal skin       |    19 |     8 |    51 |       ||    78
       Swamp dragon scal |       |       |    38 |    48 ||    86
       Steam dragon scal |       |       |     7 |       ||     7
       Troll leather arm |       |       |       |    71 ||    71
Dodge: Dodged            |    14 |    12 |   118 |   143 ||   287
Block: Kite shield       |       |       |       |   140 ||   140
       Reflection        |       |       |       |    10 ||    10
